 Dungeon Crawl Stone Soup version 0.21-a0-140-g479285b (webtiles) character file.

958 Moloch the Slasher (level 7, 0/60 HPs)
             Began as a Demigod Fighter on July 20, 2017.
             Killed by divine providence
             ... invoked by an orc priest
              (14 damage)
             ... on level 5 of the Dungeon.
             The game lasted 00:05:03 (3426 turns).

Moloch the Slasher (Demigod Fighter)                Turns: 3426, Time: 00:05:03

Health: 0/60       AC:  8    Str: 19    XL:     7   Next: 60%
Magic:  9/9        EV:  4    Int: 12    God:
Gold:   227        SH:  9    Dex: 19    Spells: 6/6 levels left

rFire    . . .     SeeInvis .   v - +0 falchion (venom)
rCold    . . .     Gourm    .   c - +0 shield
rNeg     . . .     Faith    .   y - +0 chain mail
rPois    .         Spirit   .   (no helmet)
rElec    .         Reflect  .   (no cloak)
rCorr    .         Harm     .   (no gloves)
MR       .....                  (no boots)
Stlth    ..........             (no amulet)
HPRegen  0.20/turn              (no ring)
MPRegen  0.11/turn              (no ring)

@: no status effects
A: high mp 1
a: no special abilities


You were on level 5 of the Dungeon.
You were not hungry.

You visited 1 branch of the dungeon, and saw 5 of its levels.

You collected 227 gold pieces.

Inventory:

Hand Weapons
 a - a +0 long sword
 v - a +0 falchion of venom (weapon)
Missiles
 e - 8 curare-tipped needles
 h - 9 poisoned needles
 t - 6 needles of confusion
Armour
 c - a +0 shield (worn)
 y - a +0 chain mail (worn)
Wands
 w - a wand of confusion (31/48)
 C - a wand of flame (14/48)
Scrolls
 i - 3 scrolls of fear {unknown}
 j - 2 scrolls of fog {unknown}
 m - a scroll of remove curse {unknown}
 o - a scroll of amnesia {unknown}
 p - a scroll of identify {unknown}
 r - a scroll of enchant armour {unknown}
 s - 3 scrolls of teleportation {unknown}
 u - a scroll of blinking {unknown}
 B - a scroll of enchant weapon {unknown}
Potions
 d - a potion of might
 l - 2 potions of brilliance
 n - 2 potions of magic {unknown}
 q - 2 potions of ambrosia {unknown}
 x - a potion of agility {unknown}
 D - a potion of curing
Books
 b - a book of Misfortune

   Spells                             Type                      Level
   a - Confusing Touch                Hexes                        1
   b - Confuse                        Hexes                        3
   c - Gell's Gravitas                Translocation                3
   d - Petrify                        Transmutation/Earth          4
   e - Metabolic Englaciation         Hexes/Ice                    5
   f - Yara's Violent Unravelling     Hexes/Transmutation          5
Comestibles
 f - 4 bread rations
 g - 8 meat rations
 k - 2 royal jellies
 z - 9 chunks of flesh
 A - 10 fruits


   Skills:
 + Level 4.3 Fighting
 * Level 7.8 Long Blades
 - Level 2.6 Armour
 - Level 2.6 Shields


You had 6 spell levels left.
You didn't know any spells.

Dungeon Overview and Level Annotations

Branches:
Dungeon (5/15)
 Temple: D:4-7

Shops:
D:4 =


Innate Abilities, Weirdness & Mutations

You have an increased reservoir of magic. (+10% MP)


Message History

You hit the orc priest.
You kill the orc priest!
You hit the orc.
The orc is poisoned.
The orc is heavily wounded.
The orc hits you but does no damage.
The orc priest calls upon Beogh to heal the orc.
The orc is healed somewhat.
The orc wizard casts a spell.
The orc wizard blinks!
You closely miss the orc.
The orc is moderately wounded.
The orc hits you with a hand axe.
* * * LOW HITPOINT WARNING * * *
Unknown command.
You closely miss the orc.
The orc is moderately wounded.
You block the orc's attack.
The orc priest mumbles some strange prayers to Beogh against you.
Beogh smites you!
You die...

.# .. o# #..
o# #.. .# ###
#..# .#
..##..######.#
#.........@oo#
#.......####
#.......#
#.......#
#.......#
#.......#
#.......#
#.......#
##.#.####


You could see an orc priest and an orc.

Vanquished Creatures
  Grinder (D:4)
  Sigmund (D:4)
  Eustachio (D:3)
  An ogre (D:4)
  A hound (D:3)
  2 orc priests (D:5)
  A bullfrog skeleton (D:5)
  An orc wizard (D:5)
  Terence (D:3)
  An iguana (D:4)
  2 worker ants
  2 adders
  An ooze (D:3)
  3 worms
  6 dart slugs
  2 leopard geckos (D:2)
  6 orcs
  4 giant cockroaches
  3 hobgoblins (D:1)
  14 jackals
  4 ball pythons
  7 bats
  3 frilled lizards
  9 goblins
  4 kobolds
  A quokka skeleton (D:4)
  4 rats
86 creatures vanquished.

Notes
Turn   | Place    | Note
-------+----------+-------------------------------------------
     0 | D:1      | Moloch the Demigod Fighter began the quest for the Orb.
     0 | D:1      | Reached XP level 1. HP: 18/18 MP: 3/3
    41 | D:1      | Reached skill level 2 in Long Blades
   101 | D:1      | Reached XP level 2. HP: 20/25 MP: 4/4
   653 | D:2      | Reached XP level 3. HP: 31/31 MP: 5/5
   721 | D:2      | Reached skill level 3 in Long Blades
  1202 | D:3      | Noticed Terence
  1215 | D:3      | Killed Terence
  1215 | D:3      | Reached XP level 4. HP: 28/38 MP: 6/6
  1842 | D:3      | Reached skill level 4 in Long Blades
  1993 | D:4      | Noticed Eustachio
  2052 | D:3      | Reached XP level 5. HP: 12/45 MP: 7/7
  2321 | D:3      | Killed Eustachio
  2321 | D:3      | Reached skill level 5 in Long Blades
  2321 | D:3      | Reached XP level 6. HP: 28/52 MP: 8/8
  2486 | D:4      | Noticed Sigmund
  2497 | D:4      | Killed Sigmund
  2497 | D:4      | Reached skill level 6 in Long Blades
  2528 | D:4      | Reached XP level 7. HP: 13/59 MP: 9/9
  2727 | D:4      | Noticed Grinder
  2728 | D:4      | Paralysed by Grinder for 4 turns
  2747 | D:4      | Killed Grinder
  2747 | D:4      | Reached skill level 7 in Long Blades
  3202 | D:4      | Found Ymiox's Jewellery Boutique.
  3321 | D:5      | Entered Level 5 of the Dungeon
  3426 | D:5      | Killed from afar by an orc priest

Vault maps used:
D:1:      eino_arrival_water_cross, minmay_distorted
D:3:      bh_chokoban, uniq_terence
D:4:      serial_shops, nicolae_shop_window_shopping, first_bread, uniq_grinder,
          uniq_sigmund, uniq_eustachio

Skill      XL: |  1  2  3  4  5  6  7 |
---------------+----------------------+-----
Long Blades    | 2 3 4 5 6 7 |  7.8
Fighting       | 3 4 |  4.3
Armour         | |  2.6
Shields        | |  2.6

Action                   |  1- 3 |  4- 6 |  7- 9 || total
-------------------------+-------+-------+-------++-------
Melee: Long sword        |   168 |    99 |       ||   267
       Falchion          |       |    16 |    71 ||    87
  Use: Potion            |       |     4 |       ||     4
  Eat: Chunk             |     1 |     5 |     3 ||     9
Armor: Scale mail        |    92 |    58 |     2 ||   152
       Chain mail        |       |       |    19 ||    19
Dodge: Dodged            |    60 |    45 |     5 ||   110
Block: Shield            |   127 |    94 |    27 ||   248
       Rpst.: Long sword |    19 |    15 |       ||    34
       Falchion          |       |     1 |     1 ||     2
